 Dungeon Crawl Stone Soup version 0.31-a0-845-g9abc20d24f (webtiles) character file.

Game seed: 12319920364167026820

10671 benadryl the Fighter (level 11, 0/117 HPs)
             Began as a Troll Shapeshifter on Oct 1, 2023.
             Was a Believer of Makhleb.
             Slain by an orc wizard
             ... wielding a +0 dagger
              (2 damage)
             ... on level 10 of the Dungeon.
             The game lasted 00:14:24 (7409 turns).

benadryl the Fighter (Troll Shapeshifter)           Turns: 7409, Time: 00:14:25

Health: 0/117      AC:  4    Str: 24 (26) XL:     11   Next: 39%
Magic:  12/12      EV: 12    Int:  4 (6)  God:    Makhleb [**....]
Gold:   521        SH:  0    Dex: 16 (17) Spells: 10/10 levels left

rFire   . .          .
                       - Unarmed
rCold   + . .        (no shield)
rNeg    . . .        a - +0 animal skin
rPois   .            (helmet currently unavailable)
rElec   .            (cloak currently unavailable)
rCorr   .            (gloves unavailable)
SInv    .            (boots unavailable)
Will    +....        (no amulet) Stlth
                     p - ring "Wuevomif" {Dex+6 Slay+3}
HPRegen 1.19/turn    n - ring of protection from cold
MPRegen 0.13/turn

%: no passive effects
@: confused, lethally poisoned (0 -> -17), beast-form, silenced, ambrosia-drunk,
enlightened, flying, slowed, very slow
A: beast (slay +4), large, unfitting armour, claws 3, regeneration 1, shaggy fur
1, tough skin 1
a: Begin Untransformation, Renounce Religion


You were on level 10 of the Dungeon.
You worshipped Makhleb.
Makhleb was pleased with you.
You were a hulking beast.
You visited 2 branches of the dungeon, and saw 13 of its levels.
You also visited: Ice Cave.

You collected 521 gold pieces.

Inventory:

Armour
 a - a +0 animal skin (worn)
 g - a scarf of resistance
Jewellery
 n - a ring of protection from cold (right claw)
 p - the ring "Wuevomif" (left claw) {Dex+6 Slay+3}
   (You found it on level 5 of the Dungeon)

   [ring of dexterity]

   Dex+6:     It affects your dexterity (+6).
   Slay+3:    It affects your accuracy & damage with ranged weapons and melee
   (+3).
Talismans
 c - a beast talisman (active)
 d - a flux talisman
Wands
 b - a wand of iceblast (12)
 w - a wand of flame (13)
Scrolls
 f - 2 scrolls of fog
 m - a scroll of revelation
 u - 3 scrolls of teleportation
 x - a scroll of amnesia
Potions
 e - 4 potions of brilliance
 i - a potion of resistance {unknown}
 o - a potion of berserk rage {unknown}
 q - a potion of magic {unknown}


   Skills:
 - Level 10.0 Fighting
 - Level 5.3 Dodging
 - Level 8.0 Unarmed Combat
 * Level 3.6 Invocations
 - Level 9.0 Shapeshifting


You had 10 spell levels left.
You didn't know any spells.
Your spell library contained the following spells:

 Spells                   Type           Power      Damage    Failure   Level
 Apportation              Tloc           0%         N/A       50%         1
 Kiss of Death            Conj/Necr      0%         2d5       50%         1
 Magic Dart               Conj           0%         1d3       50%         1
 Necrotise                Necr           0%         1d4       50%         1
 Sting                    Tmut/Pois      0%         1d3       50%         1
 Summon Small Mammal      Summ           0%         N/A       50%         1
 Ensorcelled Hibernation  Hex/Ice        0%         N/A       65%         2
 Passwall                 Tmut/Erth      0%         N/A       65%         2
 Poisonous Vapours        Pois/Air       0%         N/A       65%         2
 Searing Ray              Conj           0%         2d4       65%         2
 Swiftness                Air            0%         N/A       86%         3
 Vampiric Draining        Necr           0%         2d6       86%         3
 Fulminant Prism          Conj/Hex       0%         3d5       99%         4
 Olgreb's Toxic Radiance  Pois           0%         N/A       99%         4
 Agony                    Necr           0%         N/A       100%        5
 Iskenderun's Battlesphe  Conj           0%         2d6       100%        5
 Bombard                  Conj/Erth      0%         9d1       100%        6
 Haunt                    Necr/Summ      0%         N/A       100%        7
 Spellforged Servitor     Conj/Summ      0%         N/A       100%        7
 Polar Vortex             Ice            0%         N/A       100%        9


Dungeon Overview and Level Annotations

Branches:
Dungeon (12/15)            Temple (1/1) D:7            Lair (0/5) D:9
  IceCv (visited)
    Orc: D:9-12

Altars:
Ashenzari
Cheibriados
Dithmenos
Elyvilon
Fedhas
Gozag
Hepliaklqana
Kikubaaqudgha
Makhleb
Nemelex Xobeh
Okawaru
Qazlal
Ru
Sif Muna
Trog
Uskayaw
Vehumet
Wu Jian
Xom
Yredelemnul
Zin
The Shining One
Jiyva

Shops:
D:3 :

Annotations:
D:8 4 transporters
D:9 3 runed translucent doors, Kurtz's ghost, novice OpFi


Innate Abilities, Weirdness & Mutations

You are a hulking beast.
Your limbs bulge with bestial killing power. (Slay +4)
You are too large for most types of armour.
You have claws for hands.
Your natural rate of healing is unusually fast.
You are covered in fur. (AC +1)
You have tough skin. (AC +1)


Message History

You completely miss something.
You feel sick. The killer bee stings you.
* * * LOW HITPOINT WARNING * * *
The killer bee barely misses you. The killer bee stings you.
* * * LOW HITPOINT WARNING * * *
The killer bee barely misses you. Something hits you but does no damage.
It was a potion of enlightenment.
You feel very buoyant.
You fly up into the air.
You feel less invigorated.
You feel less confused.
You feel sick.
You are no longer poisoned.
The killer bee barely misses you.
The killer bee stings you but does no damage.
The killer bee stings you.
* * * LOW HITPOINT WARNING * * *
The killer bee closely misses you. Something hits you but does no damage.
The killer bee stings you.
* * * LOW HITPOINT WARNING * * *
You are poisoned.
The killer bee poisons you! The killer bee stings you.
* * * LOW HITPOINT WARNING * * *
You are confused.
You feel invigorated.
You feel very sick.
An orc wizard appears from thin air!
Reactivating autopickup.
The killer bee barely misses you. The killer bee stings you.
* * * LOW HITPOINT WARNING * * *
You are more poisoned.
The killer bee poisons you! The killer bee stings you.
* * * LOW HITPOINT WARNING * * *
You are lethally poisoned!
The killer bee poisons you! The killer bee barely misses you.
The orc wizard barely misses you. The killer bee barely misses you.
The killer bee stings you.
* * * LOW HITPOINT WARNING * * *
You are more poisoned.
The killer bee poisons you!
The orc wizard hits you with a +0 dagger.
You die...

#..# ....~~~ #..# ....~~~
#..# >....~~ .########..#
.....~~ ...........#
....~~~
...........#######.....~~
........>..............~~
.#####~♣♣....o.y.).....~~
#~~ ♣♣....hy.)...?.~~ ♣~~
♣♣♣#######....~~ P~~
...~P~ ~~~~ ..### ~~P ..#
##


You could see 2 killer bees and an orc wizard.

Vanquished Creatures
  An ice dragon (D:11)
  2 two-headed ogres
  A death yak (IceCv)
  Pikel (D:8)
  A cyclops (D:12)
  An unseen horror (D:8)
  A komodo dragon (D:10)
  A rime drake (D:11)
  A troll (D:10)
  3 polar bears
  A hornet (D:9)
  A wyvern (D:8)
  7 yaks
  A wraith (D:10)
  A steam dragon (D:8)
  2 water moccasins
  An ice beast (D:6)
  2 sky beasts
  2 black bears
  3 ogres
  3 wolves
  3 centaurs
  A lemure (D:8)
  2 phantoms
  3 kobold brigands
  A gnoll sergeant (D:6)
  4 bullfrogs
  4 scorpions
  12 wights
  8 killer bees
  3 howler monkeys (D:9)
  3 hounds
  8 orc priests
  3 sleepcaps
  5 orc wizards
  2 iguanas
  7 gnolls
  12 adders
  A shadow imp (D:7)
  An ufetubus (D:5)
  A worm (D:3)
  A dart slug (D:4)
  27 orcs
  4 endoplasms
  2 giant cockroaches
  5 goblins
  2 hobgoblins
  2 jackals (D:4)
  4 quokkas
  10 ball pythons
  5 bats
  2 frilled lizards
  16 kobolds
  2 rats
203 creatures vanquished.

Notes
Turn   | Place    | Note
-------+----------+-------------------------------------------
     0 | D:1      | benadryl the Troll Shapeshifter began the quest for the
                  | Orb.
     0 | D:1      | Reached XP level 1. HP: 18/18 MP: 0/0
   144 | D:1      | Reached XP level 2. HP: 26/26 MP: 1/1
   690 | D:2      | Reached XP level 3. HP: 32/32 MP: 2/2
   706 | D:2      | Got a torn book
   719 | D:2      | Found a white marble altar of Elyvilon.
  1037 | D:3      | Found Qoenuoc's Book Shoppe.
  1085 | D:2      | Reached skill level 5 in Unarmed Combat
  1085 | D:2      | Reached XP level 4. HP: 40/40 MP: 3/3
  1099 | D:3      | Reached XP level 5. HP: 30/46 MP: 4/4
  1269 | D:3      | Found a radiant altar of Vehumet.
  1589 | D:4      | Reached XP level 6. HP: 40/54 MP: 5/5
  1630 | D:4      | Found a snail-covered altar of Cheibriados.
  1946 | D:4      | Identified the +8 whip of Calculation {elec, *Noise Str+9}
  2280 | D:4      | Identified the +7 sling of the Big Bang {elec, rCorr Str+5
                  | SInv}
  2358 | D:4      | Reached skill level 1 in Fighting
  2358 | D:4      | Reached XP level 7. HP: 61/62 MP: 6/6
  2363 | D:5      | Entered Level 5 of the Dungeon
  2439 | D:5      | Reached skill level 2 in Fighting
  2487 | D:5      | Identified the ring "Wuevomif" {Dex+6 Slay+3}
  2639 | D:5      | Reached skill level 3 in Fighting
  2790 | D:5      | Reached skill level 4 in Fighting
  2860 | D:5      | Found a white marble altar of Elyvilon.
  3395 | D:6      | Reached skill level 5 in Fighting
  3395 | D:6      | Reached XP level 8. HP: 73/80 MP: 7/7
  3466 | D:6      | Reached skill level 6 in Fighting
  3793 | D:6      | Reached skill level 7 in Fighting
  4154 | D:7      | Found a shadowy altar of Dithmenos.
  4200 | D:7      | Reached XP level 9. HP: 88/96 MP: 8/8
  4231 | D:7      | Found a staircase to the Ecumenical Temple.
  4239 | Temple   | Entered the Ecumenical Temple
  4389 | Temple   | Became a worshipper of Makhleb the Destroyer
  4423 | D:7      | Reached skill level 8 in Fighting
  4864 | D:8      | Identified the +9 quarterstaff of Ancient Evil {antimagic,
                  | *Slow rElec rCorr SInv}
  4873 | D:8      | Reached skill level 9 in Fighting
  4908 | D:8      | Killed an unseen horror
  5050 | D:8      | Reached skill level 10 in Fighting
  5053 | D:8      | Reached * piety under Makhleb
  5214 | D:8      | Reached XP level 10. HP: 98/110 MP: 9/9
  5231 | D:8      | Found a transporter.
  5241 | D:8      | Found a transporter.
  5259 | D:8      | Reached skill level 5 in Shapeshifting
  5461 | D:8      | Found a transporter.
  5482 | D:8      | Noticed Pikel
  5498 | D:8      | Killed Pikel
  5531 | D:8      | Found a transporter.
  5849 | D:9      | Paralysed by a hornet for 3 turns
  5917 | D:9      | Found a runed translucent gate.
  5917 | D:9      | Found a runed translucent gate.
  5917 | D:9      | Found a runed translucent gate.
  5920 | D:9      | Noticed Kurtz's ghost (novice OpFi)
  5923 | D:9      | Found a viscous altar of Jiyva.
  6165 | D:9      | Noticed a two-headed ogre
  6168 | D:9      | Reached ** piety under Makhleb
  6179 | D:9      | Killed a two-headed ogre
  6249 | D:9      | Found a staircase to the Lair.
  6352 | D:9      | You fall into a shaft and drop 3 floors!
  6355 | D:12     | Noticed a cyclops
  6362 | D:12     | Killed a cyclops
  6476 | D:11     | Found a frozen archway.
  6490 | D:11     | Noticed an ice dragon
  6516 | D:11     | Killed an ice dragon
  6517 | D:11     | Reached XP level 11. HP: 45/117 MP: 10/10
  6582 | IceCv    | Entered an ice cave
  6720 | IceCv    | Noticed a death yak
  6720 | IceCv    | Noticed a death yak
  6741 | IceCv    | Killed a death yak
  6742 | IceCv    | Reached skill level 5 in Dodging
  6973 | D:11     | Noticed a two-headed ogre
  6985 | D:11     | Killed a two-headed ogre
  7108 | D:10     | Entered Level 10 of the Dungeon
  7409 | D:10     | HP: 2/117 [killer bee (4)]
  7409 | D:10     | Slain by an orc wizard

Illustrated notes

Levels and vault maps discovered:
D:1:      roderic_octagonal_star, layout_loops_ring, st_stairs_11
D:2:      layout_rooms, basic_altar
D:3:      layout_rooms, nicolae_vehumet_altar_sigil, serial_shops,
          nicolae_shop_stone
D:4:      layout_basic, amcnicky_altar_gilded, minmay_cupped
D:5:      layout_cave_pods, lemuel_doored_altar, grunt_decor_junction
D:6:      layout_rooms, minmay_misc_feat_rugged, serial_bayou_lake_a
D:7:      layout_basic, grunt_dithmenos_shadows, temple_green
D:8:      layout_rooms, nicolae_diode_intersection, uniq_pikel
D:9:      layout_irregular_city, dpeg_oklobed_lair, gammafunk_ghost_ooze
D:10:     layout_long_grid, serial_bayou, serial_bayou_shore_a,
          serial_bayou_pond_e, serial_bayou_lagoon_a, serial_bayou_pond_b,
          serial_bayou_lagoon_b, serial_bayou_pond_a, nicolae_transporter_circle
D:11:     layout_basic, portal_ice_cave_entry_animals_and_master
D:12:     gammafunk_sealed_library, layout_stronghold, orc_0_dummy,
          nicolae_kite_square_tiling_tiny, nicolae_elemental_shop,
          xom_confusion_cloud, uniq_erolcha
Temple:   nicolae_temple_bog_church

Skill      XL: |  1  2  3  4  5  6  7  8  9 10 11 |
---------------+----------------------------------+-----
Unarmed Combat | 4 5 6 8 |  8.0
Fighting       | 1 5 7 10 | 10.0
Shapeshifting  | 4 9 |  9.0
Dodging        | 4 5 |  5.3
Invocations    | 3 |  3.6

Action                     |  1- 3 |  4- 6 |  7- 9 | 10-12 || total
---------------------------+-------+-------+-------+-------++-------
  Melee: Unarmed           |    57 |    93 |   213 |   169 ||   532
         Punch             |     2 |     4 |    12 |     7 ||    25
  Throw: Large rock        |       |       |       |     4 ||     4
 Invoke: Minor Destruction |       |       |       |     9 ||     9
  Evoke: Wand              |       |       |       |     4 ||     4
    Use: Scroll            |       |     6 |     2 |     9 ||    17
         Potion            |       |       |     2 |    15 ||    17
   Stab: Sleeping          |       |     1 |       |     2 ||     3
 Armour: Animal skin       |    43 |    70 |   154 |   222 ||   489
         Skin              |       |       |    13 |       ||    13
  Dodge: Dodged            |    38 |    44 |   113 |   160 ||   355

Table legend: (Time is in decaauts)
 A = Elapsed time spent in this place.
 B = Non-inter-level travel time spent in this place.
 C = Inter-level travel time spent in this place.
 D = Time resting spent in this place.
 E = Time spent auto-exploring this place.
 F = Levels seen in this place.
 G = Mean time per level.
                   A        B        C        D        E       F      G
               +--------+--------+--------+--------+--------+-----+--------+
         Total |   7363 |   6973 |    390 |   1203 |   4328 |  14 |  525.9 |
       Dungeon |   7023 |   6800 |    223 |   1132 |   4328 |  12 |  585.2 |
        Temple |    168 |      1 |    167 |      0 |      0 |   1 |  168.0 |
      Ice Cave |    170 |    170 |      0 |     71 |      0 |   1 |  170.0 |
               +--------+--------+--------+--------+--------+-----+--------+

Top non-repeatable levels by time:
     D:8: 964 daAuts
     D:5: 866 daAuts
     D:6: 856 daAuts
     D:4: 790 daAuts
     D:1: 665 daAuts
     D:7: 557 daAuts
     D:9: 539 daAuts
     D:3: 489 daAuts
    D:11: 455 daAuts
     D:2: 406 daAuts
    D:10: 310 daAuts
   IceCv: 170 daAuts
  Temple: 168 daAuts
    D:12: 121 daAuts
